 Dungeon Crawl Stone Soup version 0.25.0-1-g7eea58d (webtiles) character file.

Game seed: 7085530978831845549

85 porkupine the Skirmisher (level 4, -1/42 HPs)
             Began as a Minotaur Abyssal Knight on June 16, 2020.
             Was a Follower of Lugonu.
             Slain by a goblin
             ... wielding a +0 club
             ... led by Robin
              (6 damage)
             ... on level 1 of the Dungeon.
             The game lasted 00:04:02 (1279 turns).

porkupine the Skirmisher (Minotaur Abyssal Knight)  Turns: 1279, Time: 00:04:03

Health: -1/42      AC:  4    Str: 18    XL:     4   Next: 25%
Magic:  4/4        EV: 11    Int:  9    God:    Lugonu [*.....]
Gold:   82         SH:  0    Dex:  9    Spells: 3/3 levels left

rFire    . . .     SeeInvis .   a - +1 falchion
rCold    . . .     Gourm    .   (no shield)
rNeg     . . .     Faith    .   b - +1 leather armour
rPois    .         Spirit   .   (helmet restricted)
rElec    .         Reflect  .   (no cloak)
rCorr    .         Harm     .   (no gloves)
MR       .....                  (no boots)
Stlth    +.........             (no amulet)
HPRegen  0.14/turn              h - ring of flight
MPRegen  0.09/turn              (no ring)

@: no status effects
A: retaliatory headbutt, horns 2
a: Depart the Abyss, Renounce Religion, Evoke Flight


You were on level 1 of the Dungeon.
You worshipped Lugonu.
Lugonu was aware of your devotion.
You were not hungry.

You visited 1 branch of the dungeon, and saw 2 of its levels.
You visited the Abyss 1 time.

You collected 82 gold pieces.

Inventory:

Hand Weapons
 a - a +1 falchion (weapon)
 d - a +0 flail
 e - a +0 short sword of flaming
Missiles
 g - 7 datura-tipped darts (quivered)
Armour
 b - a +1 leather armour (worn)
Jewellery
 h - a ring of flight (left hand)
Comestibles
 c - 5 rations
 f - a chunk of flesh


   Skills:
 + Level 5.1 Fighting
 + Level 2.8 Long Blades
 + Level 3.1 Armour
 + Level 1.3 Dodging
 + Level 2.3 Invocations


You had 3 spell levels left.
You didn't know any spells.
Your spell library was empty.

Dungeon Overview and Level Annotations

Branches:
Dungeon (2/15)

Altars:

Annotations:
D:2 Robin


Innate Abilities, Weirdness & Mutations

You reflexively headbutt those who attack you in melee.
You have a pair of horns on your head.


Message History

There is a stone staircase leading down here.
You closely miss the hobgoblin. You headbutt the hobgoblin.
You kill the hobgoblin!
Lugonu accepts your kill. The hobgoblin hits you with a +0 club.
* * * LOW HITPOINT WARNING * * *
You barely miss the hobgoblin. You headbutt the hobgoblin.
You kill the hobgoblin!
Lugonu accepts your kill. The goblin misses you.
You hit the goblin.
You kill the goblin!
Lugonu accepts your kill.
You barely miss the goblin.
The goblin is moderately wounded.
The goblin hits you but does no damage.
You closely miss the goblin.
The goblin is moderately wounded.
The goblin hits you with a +0 club.
You die...

##.###.#.......###.###
##...#...............#
#...............###..######
##...#...#.....####...##...
##.##.###............##.##
######.#.#.##.#..........##.##
####.......###.#.#..##.#######.##
.'.'......## ##.....##.# #.....
########...###.#@#.###.# #.#.##
....####..#.#.##g#g###.# #.#...
.##.##...)##.###.>.....# #.####
.##.##.##.#### ##...#### #.#
###.##.##.##### #...########.####
..#...........# #.....>...##>....
....##.#.####.###...#####.##....รท
..####.#.###..........)...###.##.
..#........................##>#..


You could see a goblin (strong).

Vanquished Creatures
  A quasit (Abyss:2)
  A white imp (Abyss:2)
  An ooze (D:1)
  2 dart slugs (D:1)
  6 bats (D:1)
  A giant cockroach (D:1)
  9 goblins
  6 hobgoblins (D:1)
  2 jackals (D:1)
  5 kobolds (D:1)
  3 rats (D:1)
37 creatures vanquished.

Vanquished Creatures (others)
  7 starspawn tentacles (Abyss:2)
7 creatures vanquished.

Grand Total: 44 creatures vanquished

Notes
Turn   | Place    | Note
-------+----------+-------------------------------------------
     0 | Abyss:1  | porkupine the Minotaur Abyssal Knight began the quest for
                  | the Orb.
     0 | Abyss:1  | Reached XP level 1. HP: 19/19 MP: 1/1
    26 | Abyss:1  | Found a corrupted altar of Lugonu.
    29 | Abyss:2  | Found a corrupted altar of Lugonu.
    85 | Abyss:2  | Noticed a tentacled starspawn
    86 | Abyss:2  | Noticed a quasit
    90 | Abyss:2  | Killed a quasit
    90 | Abyss:2  | Reached skill level 4 in Fighting
    90 | Abyss:2  | Reached XP level 2. HP: 28/28 MP: 2/2
    90 | Abyss:2  | Reached XP level 3. HP: 34/34 MP: 3/3
   110 | Abyss:2  | Noticed an ice devil
   114 | Abyss:2  | Noticed a chaos spawn
   171 | Abyss:2  | Noticed a thrashing horror
   176 | D:1      | Escaped the Abyss
   686 | D:1      | Reached * piety under Lugonu
   703 | D:1      | Reached skill level 5 in Fighting
   883 | D:1      | Reached XP level 4. HP: 39/42 MP: 4/4
  1261 | D:2      | Noticed Robin
  1279 | D:1      | Slain by a goblin

Illustrated notes

Levels and vault maps discovered:
D:1:      minmay_arrival_doors, layout_loops_cross
D:2:      layout_rooms, zin_angel, eat_drink_and_be_merry_uskayaw, first_ration,
          uniq_robin, uniq_terence

Skill      XL: |  1  2  3 |
---------------+----------+-----
Fighting       | 4 5 |  5.1
Invocations    | 2 |  2.3
Armour         | 3 |  3.1
Long Blades    | |  2.8
Dodging        | |  1.3

Action                   |  1- 3 |  4- 6 || total
-------------------------+-------+-------++-------
Melee: Falchion          |    19 |    21 ||    40
       Headbutt          |     3 |     5 ||     8
Invok: Depart the Abyss  |     1 |       ||     1
Evoke: Wand              |     3 |       ||     3
  Use: Potion            |     2 |       ||     2
       Scroll            |     1 |     1 ||     2
  Eat: Chunk             |       |     1 ||     1
Armor: Leather armour    |     9 |     9 ||    18
Dodge: Dodged            |    41 |    23 ||    64
       Rpst.: Falchion   |     9 |     6 ||    15
